 Dungeon Crawl Stone Soup version 0.31-a0-507-gbafd7f5274 (webtiles) character file.

Game seed: 11493176909502084617

181 Mickster the Chopper (level 5, -1/47 HPs)
             Began as a Hill Orc Berserker on Aug 9, 2023.
             Was a Believer of Trog.
             Killed by nerve-wracking pain
             ... invoked by a shadow imp
              (7 damage)
             ... on level 3 of the Dungeon.
             The game lasted 00:10:27 (979 turns).

Mickster the Chopper (Hill Orc Berserker)            Turns: 979, Time: 00:10:27

Health: -1/47      AC:  9    Str: 22    XL:     5   Next: 61%
Magic:  5/5        EV:  8    Int:  7    God:    Trog [**....]
Gold:   119        SH:  0    Dex: 10    Spells: 4/4 levels left

rFire   . . .        a - +0 hand axe
rCold   . . .        (no shield)
rNeg    . . .        n - +0 chain mail
rPois   .            (no helmet)
rElec   .            (no cloak)
rCorr   .            (no gloves)
SInv    .            (no boots)
Will    .....        (no amulet) Stlth
                     (no ring)
HPRegen 0.27/turn    (no ring)
MPRegen 0.09/turn

%: no passive effects
@: on berserk cooldown, slowed, very slow
A: no striking features
a: Renounce Religion, Convert to Beogh, Berserk, Trog's Hand


You were on level 3 of the Dungeon.
You worshipped Trog.
Trog was pleased with you.
You visited 1 branch of the dungeon, and saw 3 of its levels.

You collected 119 gold pieces.

Inventory:

Hand Weapons
 a - a +0 hand axe (weapon)
 c - a +4 dagger
Missiles
 d - 6 stones (quivered)
Armour
 b - a +0 animal skin
 g - a +0 ring mail
 n - a +0 chain mail (worn)
Wands
 p - a wand of roots (4)
Scrolls
 e - a scroll of silence
 i - 2 scrolls of identify
 j - a scroll of brand weapon {unknown}
 l - a scroll of enchant weapon {unknown}
Potions
 f - a potion of mutation {unknown}
 h - a potion of lignification {unknown}
 k - 2 potions of might {unknown}
 m - a potion of haste {unknown}
 o - a potion of ambrosia {unknown}


   Skills:
 + Level 4.6 Fighting
 * Level 6.8 Axes
 + Level 2.7 Armour
 + Level 2.0 Dodging


You had 4 spell levels left.
You didn't know any spells.
Your spell library was empty.

Dungeon Overview and Level Annotations

Branches:
Dungeon (3/15)

Altars:

Annotations:
D:3 1 transporter


Message History

Things that are here:
a +0 whip; an orc corpse
Things that are here:
a +0 dagger; an orc corpse
Things that are here:
a +0 short sword; an orc corpse
There is a transporter here.
You enter the transporter and appear at another place.
The shadow imp shouts, "Take thy face hence, thou cockered ruttish crab-lanthorn!"
p - a wand of roots (4)
You open the door.
There is an open door here.
The shadow imp gestures at you. Pain shoots through your body!
Throw: 8 stones
Press: ? - help, Q - select action, (/) - cycle Shift-Dir - straight line, f - shadow imp
Aim: a shadow imp (50% to hit)
You throw a stone. The stone hits the shadow imp.
The shadow imp is lightly wounded.
The shadow imp shouts, "Scamper away, thou baffled doghearted flim-flammer!"
The shadow imp gestures at you. Pain shoots through your body!
Throw: 7 stones
Press: ? - help, Q - select action, (/) - cycle Shift-Dir - straight line, f/p - shadow imp
Aim: a shadow imp (lightly wounded, 50% to hit)
You throw a stone.
The stone hits the shadow imp but does no damage.
The shadow imp is lightly wounded.
The orc priest calls down the wrath of Beogh upon you.
Pain shoots through your body!
The orc priest calls down the wrath of Beogh upon you.
Pain shoots through your body!
You enter the shallow water.
Moving in this stuff is going to be slow.
The shadow imp gestures at you. Pain shoots through your body!
* * * LOW HITPOINT WARNING * * *
The shadow imp gestures at you. Pain shoots through your body!
You die...

### .. ......###..##.......
.......#...........# #.)...#.#..
.##....#$..........#####.......##
......<.................)......##
.###..##.###############.........
.......#.#8~#...5..5#P8#)).#.....
.......#.#P.#≈≈≈≈≈≈≈#.P#)#.# ....
.........#$.#..~~~..#..#)..#...#.
........©#©!+..~@~..'.©#©........
.........#$.#..P~~..#..#..##.....
.........#P.#≈≈≈≈≈≈≈#.P#.## ...#.
.........#8~#...o.5.#P8#.# >...
.........###############.#.... .
.........................#.......
........#############............
........#####...##...............
................##...............


You could see an orc priest and 3 shadow imps.

Vanquished Creatures
  A black bear (D:3)
  An orc wizard (D:3)
  2 adders
  7 orcs (D:3)
  5 ball pythons
  5 endoplasms
  2 giant cockroaches
  2 goblins (D:1)
  3 hobgoblins
  3 jackals (D:3)
  A quokka (D:3)
  2 bats (D:3)
  2 frilled lizards
  3 kobolds
  A rat (D:1)
40 creatures vanquished.

Notes
Turn   | Place    | Note
-------+----------+-------------------------------------------
     0 | D:1      | Mickster the Hill Orc Berserker began the quest for the
                  | Orb.
     0 | D:1      | Reached XP level 1. HP: 19/19 MP: 1/1
   130 | D:1      | Found a faded altar of an unknown god.
   181 | D:1      | Reached XP level 2. HP: 25/27 MP: 2/2
   416 | D:2      | Reached XP level 3. HP: 24/33 MP: 3/3
   511 | D:2      | Reached skill level 5 in Axes
   555 | D:2      | You fall into a shaft and drop 1 floor!
   562 | D:3      | Noticed a black bear
   570 | D:3      | Killed a black bear
   571 | D:3      | Reached skill level 6 in Axes
   571 | D:3      | Reached XP level 4. HP: 41/41 MP: 4/4
   571 | D:3      | Reached XP level 5. HP: 47/47 MP: 5/5
   679 | D:3      | Reached ** piety under Trog
   917 | D:3      | Found a transporter.
   937 | D:3      | Found a transporter.
   979 | D:3      | Killed from afar by a shadow imp

Illustrated notes

Levels and vault maps discovered:
D:1:      mrwooster_arrival_statue_2, layout_rooms,
          hellmonk_ecumenical_altar_prayer_group
D:2:      layout_rooms, serial_shops, nicolae_shop_peninsula,
          minmay_misc_feat_secret_circle
D:3:      gammafunk_wand_slinger, layout_basic, wad_woods_river_04

Skill      XL: |  1  2  3  4  5 |
---------------+----------------+-----
Fighting       | 4 |  4.6
Axes           | 6 |  6.8
Dodging        | 2 |  2.0
Armour         | |  2.7

Action                     |  1- 3 |  4- 6 || total
---------------------------+-------+-------++-------
  Melee: Hand axe          |    53 |    45 ||    98
  Throw: Stone             |       |     2 ||     2
 Invoke: Berserk           |     1 |     3 ||     4
         Trog's Hand       |       |     1 ||     1
    Use: Scroll            |     2 |       ||     2
 Armour: Animal skin       |     6 |       ||     6
         Ring mail         |     4 |     8 ||    12
         Chain mail        |       |     3 ||     3
  Dodge: Dodged            |    36 |    39 ||    75

Table legend: (Time is in decaauts)
 A = Elapsed time spent in this place.
 B = Non-inter-level travel time spent in this place.
 C = Inter-level travel time spent in this place.
 D = Time resting spent in this place.
 E = Time spent auto-exploring this place.
 F = Levels seen in this place.
 G = Mean time per level.
                   A        B        C        D        E       F      G
               +--------+--------+--------+--------+--------+-----+--------+
         Total |   1009 |    929 |     80 |    114 |      0 |   3 |  336.3 |
       Dungeon |   1009 |    929 |     80 |    114 |      0 |   3 |  336.3 |
               +--------+--------+--------+--------+--------+-----+--------+

Top non-repeatable levels by time:
     D:3: 451 daAuts
     D:1: 339 daAuts
     D:2: 219 daAuts
